 Dungeon Crawl Stone Soup version 0.31-a0-255-g9c3d1c461a (webtiles) character file.

Game seed: 2474132475188421306

56 qw the Shooter (level 3, -2/21 HPs)
             Began as a Gargoyle Hexslinger on July 12, 2023.
             Slain by a phantom (4 damage)
             ... on level 2 of the Dungeon.
             The game lasted 00:00:31 (1095 turns).

qw the Shooter (Gargoyle Hexslinger)                Turns: 1095, Time: 00:00:31

Health: -2/21      AC:  5    Str: 11    XL:     3   Next: 97%
Magic:  4/4        EV: 12    Int: 13    God:
Gold:   147        SH:  0    Dex: 14    Spells: 3/4 levels left

rFire   . . .        Y - +1 sling
rCold   . . .        (no shield)
rNeg    + . .        g - +0 robe {Will+}
rPois   inf          (no helmet)
rElec   +            (no cloak)
rCorr   .            (no gloves)
SInv    .            (no boots)
Will    +....        (no amulet)
Stlth   +            (no ring)
HPRegen 0.23/turn    (no ring)
MPRegen 0.09/turn

%: no passive effects
@: no status effects
A: sickness immunity, AC +3, negative energy resistance 1, electricity
resistance, torment resistance 1, petrification resistance
a: no special abilities


You were on level 2 of the Dungeon.
You visited 1 branch of the dungeon, and saw 2 of its levels.

You collected 147 gold pieces.


Innate Abilities, Weirdness & Mutations

You are immune to sickness and miasma.
Your stone body is resilient. (AC +3)
You are immune to poison.
You resist negative energy. (rN+)
You are resistant to electric shocks. (rElec)
You are resistant to unholy torment.
You are immune to petrification.


   Skills:
 - Level 2.0 Fighting
 + Level 3.8 Ranged Weapons
 - Level 1.5 Dodging
 - Level 1.0 Spellcasting
 - Level 2.6 Hexes


You had 3 spell levels left.
You knew the following spells:

 Your Spells              Type           Power      Damage    Failure   Level
a - Slow                  Hex            28%        N/A       10%         1

Your spell library contained the following spells:

 Spells                   Type           Power      Damage    Failure   Level
 Inner Flame              Hex/Fire       4%         N/A       43%         3
 Portal Projectile        Hex/Tloc       8%         N/A       43%         3
 Cause Fear               Hex            3%         N/A       67%         4

Inventory:

Hand Weapons
 Y - a +1 sling (weapon)
Armour
 d - a +0 ring mail
 g - a +0 robe of willpower (worn)
Scrolls
 a - a scroll of teleportation
 c - a scroll of silence {unknown}
 f - a scroll of identify
Potions
 b - a potion of attraction {unknown}
 h - a potion of degeneration {unknown}

Dungeon Overview and Level Annotations

Branches:
Dungeon (2/15)

Altars:


Message History

You shoot a sling bullet.
The sling bullet closely misses the phantom.
The phantom hits you but does no damage.
You shoot a sling bullet. The sling bullet hits the phantom.
The phantom is heavily damaged.
The phantom hits you. The phantom misses you.
You shoot a sling bullet. The sling bullet hits the phantom.
The phantom is heavily damaged.
The phantom barely misses you.
You shoot a sling bullet. The sling bullet misses the phantom.
The phantom closely misses you.
You shoot a sling bullet.
The sling bullet hits the phantom but does no damage.
The phantom is heavily damaged.
The phantom hits you.
The phantom blinks!
You blink.
Enter note:
Enter note: You shoot a sling bullet.
The sling bullet hits the phantom but does no damage.
The phantom is heavily damaged.
The phantom hits you but does no damage.
You shoot a sling bullet. The sling bullet misses the phantom.
The phantom barely misses you. The phantom hits you.
The phantom blinks!
You blink.
Enter note:
Enter note: You shoot a sling bullet.
The sling bullet misses the phantom.
The phantom hits you.
You shoot a sling bullet.
The sling bullet closely misses the phantom.
The phantom hits you.
The phantom blinks!
You blink.
Found a kite shield.
Enter note:
Enter note: You shoot a sling bullet.
The sling bullet closely misses the phantom.
The phantom barely misses you.
You shoot a sling bullet. The sling bullet hits the phantom!
The phantom is severely damaged.
The phantom hits you. x2
You die...

####.###.#.##.#
.....##....##.#
.....##..####..
....###.)####.#
##### #.......#
#.####### #.#
#.#### #####.#
#....# #.@...#
####.# #W###[....
### #.####.# ..#
###...##..ยค)..# #
.......%#####.....#
#.#.....# #.###.#
#....#... #.. #..#
###.# #### #. .#


You could see a phantom.

Vanquished Creatures
  2 adders (D:2)
  2 dart slugs (D:1)
  3 ball pythons
  A giant cockroach (D:1)
  4 goblins
  3 hobgoblins (D:1)
  A quokka (D:1)
  8 bats
  A frilled lizard (D:1)
  4 kobolds (D:2)
  6 rats
35 creatures vanquished.

Notes
Turn   | Place    | Note
-------+----------+-------------------------------------------
     0 | D:1      | qw the Gargoyle Hexslinger began the quest for the Orb.
     0 | D:1      | Reached XP level 1. HP: 12/12 MP: 2/2
     0 | D:1      | 0 ||| qw: Version: 0.3-a-52-g30416fa
     0 | D:1      | 0 ||| qw: Game counter: 6656
     0 | D:1      | 0 ||| qw: Melee chars always use a shield: true
     0 | D:1      | 0 ||| qw: God list: Okawaru
     0 | D:1      | 0 ||| qw: Allow faded altars: false
     0 | D:1      | 0 ||| qw: Do Orc after clearing Dungeon:15 true
     0 | D:1      | 0 ||| qw: Do second Lair branch before Depths: true
     0 | D:1      | 0 ||| qw: Lair rune preference: random
     0 | D:1      | 0 ||| qw: Goals: Normal
     0 | D:1      | 0 ||| PLANNING D:1-11
    81 | D:1      | Reached XP level 2. HP: 16/16 MP: 3/3
   274 | D:1      | Reached skill level 3 in Ranged Weapons
   519 | D:1      | Reached XP level 3. HP: 21/21 MP: 4/4
   698 | D:1      | 698 ||| UPGRADING to +0 robe of willpower.
   708 | D:1      | 708 ||| DROPPING +0 robe.
   709 | D:1      | 709 ||| READING scroll labelled HIEVVYQAIT.
   714 | D:1      | 714 ||| READING scroll labelled PUOGEILEMNU.
   715 | D:1      | 715 ||| READING 2 scrolls labelled CUEQET ZYERPH.
   716 | D:1      | 716 ||| DROPPING scroll of poison.
  1076 | D:2      | Noticed a phantom
  1095 | D:2      | HP: 2/21 [phantom (6)]
  1095 | D:2      | Slain by a phantom

Levels and vault maps discovered:
D:1:      lightli_arrival_windingriver, layout_loops_cross, solitary_fountain,
          minmay_pentomino_o2
D:2:      layout_loops_cross, serial_shops, nicolae_shop_just_a_little_nook

Skill      XL: |  1  2  3 |
---------------+----------+-----
Ranged Weapons | 3 |  3.8
Fighting       | 2 |  2.0
Dodging        | |  1.5
Spellcasting   | |  1.0
Hexes          | |  2.6

Action                     || total
---------------------------++-------
   Fire: Sling             ||   144
    Use: Scroll            ||     3
 Armour: Robe              ||    39
  Dodge: Dodged            ||    44

Table legend:
 A = Non-vault XP
 B = Vault XP
 C = Vault XP percentage of total XP
 D = Non-vault monster count
 E = Vault monster count
 F = Vault count percentage of total count
                 A         B        C        D         E       F
            +---------+---------+-------+---------+---------+-------
      Total |      77 |       4 |   4.9 |      33 |       2 |   5.7
            +---------+---------+-------+---------+---------+-------
        D:1 |      36 |       4 |  10.0 |      19 |       2 |   9.5
        D:2 |      41 |       0 |   0.0 |      14 |       0 |   0.0
            +---------+---------+-------+---------+---------+-------
